 Dungeon Crawl Stone Soup version 0.31-a0-229-g1fc7ce93e2 (webtiles) character file.

Game seed: 5618551389222495646

28 spardeous the Ducker (level 2, -2/11 HPs)
             Began as a Felid Earth Elementalist on July 7, 2023.
             Killed by divine providence
             ... invoked by an orc priest
              (11 damage)
             ... on level 3 of the Dungeon.
             The game lasted 00:01:36 (950 turns).

spardeous the Ducker (Felid Earth Elementalist)      Turns: 950, Time: 00:01:36

Health: -2/11      AC:  1    Str:  4    XL:     2   Next: 96%
Magic:  0/6        EV: 18    Int: 16    God:
Gold:   30         SH:  0    Dex: 16    Spells: 4/5 levels left
                                        Lives:  0   Deaths: 0

rFire   . . .        (weapon unavailable)
rCold   . . .        (shield unavailable)
rNeg    . . .        (body armour unavailable)
rPois   .            (helmet unavailable)
rElec   .            (cloak unavailable)
rCorr   .            (gloves unavailable)
SInv    +            (boots unavailable)
Will    .....        (no amulet)
Stlth   ++           (no ring)
HPRegen 0.21/turn    (no ring)
MPRegen 0.10/turn

%: no passive effects
@: very slightly contaminated, quick
A: very small, claws 1, fangs 3, see invisible, speed 1, shaggy fur 1, stealthy
paws, no weapons or thrown items, no armour, multi-lived
a: no special abilities


You were on level 3 of the Dungeon.
You visited 1 branch of the dungeon, and saw 3 of its levels.

You collected 30 gold pieces.

Inventory:

Wands
 d - a wand of light (8)
Scrolls
 b - 3 scrolls of amnesia {unknown}
Potions
 a - a potion of magic
 c - 2 potions of curing {unknown}


   Skills:
 + Level 3.8 Dodging
 - Level 2.6 Stealth
 - Level 2.0 Spellcasting
 - Level 1.1 Transmutations
 + Level 3.3 Earth Magic


You had 4 spell levels left.
You knew the following spells:

 Your Spells              Type           Power      Damage    Failure   Level
a - Sandblast             Erth           24%        2d8       5%          1

Your spell library contained the following spells:

 Spells                   Type           Power      Damage    Failure   Level
 Passwall                 Tmut/Erth      6%         N/A       13%         2
 Foxfire                  Conj/Fire      4%         2x1d4     21%         1
 Necrotise                Necr           4%         1d4       21%         1
 Summon Small Mammal      Summ           4%         N/A       21%         1
 Stone Arrow              Conj/Erth      12%        3d7       32%         3
 Petrify                  Tmut/Erth      8%         N/A       63%         4


Dungeon Overview and Level Annotations

Branches:
Dungeon (3/15)

Altars:


Innate Abilities, Weirdness & Mutations

You have sharp claws.
You have razor-sharp teeth.
You have supernaturally acute eyesight. (SInv)
You cover ground quickly. (Speed+)
You are covered in fur. (AC +1)
Your paws help you pounce on unaware monsters.
You are incapable of wielding weapons or throwing items.
You cannot wear armour.
You gain extra lives every three experience levels.


Message History

Aim: an orc, wielding a +2 hand axe of electrocution and wearing a +0 ring mail (84% to hit)
You miscast Sandblast.
You are very lightly contaminated with residual magic.
Nothing appears to happen.
The orc misses you.
Casting: Sandblast (safe; 5% risk of failure)
Confirm with . or Enter, or press ? or * to list all spells.
Aiming: Sandblast (safe; 5% risk of failure)
Press: ? - help, Shift-Dir - straight line, f/p - orc
Aim: an orc, wielding a +2 hand axe of electrocution and wearing a +0 ring mail (84% to hit)
The blast of sand hits the orc.
The orc is severely wounded.
The orc barely misses you. The orc misses you.
Casting: Sandblast (safe; 5% risk of failure)
Confirm with . or Enter, or press ? or * to list all spells.
Aiming: Sandblast (safe; 5% risk of failure)
Press: ? - help, Shift-Dir - straight line, f/p - orc
Aim: an orc, wielding a +2 hand axe of electrocution and wearing a +0 ring mail (severely wounded, 84% to hit)
The blast of sand misses the orc.
The orc misses you.
Casting: Sandblast (safe; 5% risk of failure)
Confirm with . or Enter, or press ? or * to list all spells.
Aiming: Sandblast (safe; 5% risk of failure)
Press: ? - help, Shift-Dir - straight line, f/p - orc
Aim: an orc, wielding a +2 hand axe of electrocution and wearing a +0 ring mail (severely wounded, 84% to hit)
The blast of sand hits the orc.
The orc is almost dead.
The orc priest shouts! x2
The orc hits you with a +2 hand axe of electrocution.
The orc completely misses you.
Casting: Sandblast (safe; 5% risk of failure)
Confirm with . or Enter, or press ? or * to list all spells.
Aiming: Sandblast (safe; 5% risk of failure)
Press: ? - help, Shift-Dir - straight line, f/p - orc
Aim: an orc, wielding a +2 hand axe of electrocution and wearing a +0 ring mail (almost dead, 84% to hit)
The blast of sand misses the orc.
The blast of sand hits the orc priest!
The orc priest is heavily wounded.
The orc barely misses you.
The orc priest invokes the aid of Beogh against you.
Beogh smites you!
Ouch! That really hurt!
You die...

#.... #..o# #...##
#.... #...# #o..#
##### #...#
###...#########...#
!.#...#.oo@....o..<.#
.........########.#.#
..#.##...########)#.#
#........o.).#.#
..................#
...#################
##


You could see 2 orc priests and an orc.

Vanquished Creatures
  2 dart slugs (D:1)
  2 orcs (D:3)
  2 ball pythons (D:1)
  A giant cockroach (D:1)
  3 hobgoblins (D:1)
  3 kobolds (D:1)
  2 quokkas
  2 frilled lizards (D:1)
  A goblin (D:1)
  2 rats (D:1)
20 creatures vanquished.

Notes
Turn   | Place    | Note
-------+----------+-------------------------------------------
     0 | D:1      | spardeous the Felid Earth Elementalist began the quest for
                  | the Orb.
     0 | D:1      | Reached XP level 1. HP: 7/7 MP: 4/4
     6 | D:1      | Noticed a felid
    11 | D:1      | Noticed a demonspawn zombie
    11 | D:1      | Noticed a merfolk
    13 | D:1      | Noticed a formicid
    15 | D:1      | Noticed a minotaur skeleton
    19 | D:1      | Noticed a dwarf
    19 | D:1      | Noticed a merfolk zombie
    40 | D:1      | Got A Beginning Course on Theurgy
   275 | D:1      | Reached XP level 2. HP: 11/11 MP: 3/6
   950 | D:3      | Killed from afar by an orc priest

Illustrated notes

Levels and vault maps discovered:
D:1:      shiori_arrival_whats_in_store_for_you, layout_basic
D:2:      layout_loops_ring
D:3:      layout_loops_ring, uniq_terence

Skill      XL: |  1 |
---------------+----+-----
Dodging        | 3 |  3.8
Earth Magic    | 3 |  3.3
Stealth        | |  2.6
Spellcasting   | |  2.0
Transmutations | |  1.1

Action                     || total
---------------------------++-------
   Cast: Sandblast         ||    39
 Armour: Skin              ||     1
  Dodge: Dodged            ||    18

Table legend: (Time is in decaauts)
 A = Elapsed time spent in this place.
 B = Non-inter-level travel time spent in this place.
 C = Inter-level travel time spent in this place.
 D = Time resting spent in this place.
 E = Time spent auto-exploring this place.
 F = Levels seen in this place.
 G = Mean time per level.
                   A        B        C        D        E       F      G
               +--------+--------+--------+--------+--------+-----+--------+
         Total |    852 |    796 |     56 |     28 |    645 |   3 |  284.0 |
       Dungeon |    852 |    796 |     56 |     28 |    645 |   3 |  284.0 |
               +--------+--------+--------+--------+--------+-----+--------+

Top non-repeatable levels by time:
     D:1: 780 daAuts
     D:3: 47 daAuts
     D:2: 23 daAuts
